ACL
ACL MILWAUKEE BREWERS @ ACL OAKLAND ATHLETICS
05/28/2042
 
TOP OF THE 1ST
ACL Milwaukee Brewers batting - Pitching for ACL Oakland Athletics : LHP Dave Anderson
Pitching: LHP Dave Anderson
Batting: LHB Jayson Hovey 0-0: Called Strike
0-1: Foul Ball, location: 5DF
0-2: Ball
1-2: Ball
2-2: Ball
3-2: Foul Ball, location: 3FF
3-2: Foul Ball, location: 5F
3-2: Base on Balls
Batting: LHB Cipriano Villa 0-0: Called Strike
0-1: Ball
1-1: Ball
2-1: Foul Ball, location: 2F
2-2: Strikes out swinging
Batting: RHB Liam Brown 0-0: Ball
1-0: Foul Ball, location: 2F
1-1: Fly out, F6 (Popup, 6M, EV 53.1 MPH)
Batting: RHB Jesús Longoria 0-0: Fielders Choice at 2nd, 6-4 (Groundball, 6, EV 108.1 MPH)
Top of the 1st over - 0 runs, 0 hits, 0 errors, 1 left on base; ACL Milwaukee 0 - ACL Oakland 0
BOTTOM OF THE 1ST
ACL Oakland Athletics batting - Pitching for ACL Milwaukee Brewers : RHP Shawn Price
Pitching: RHP Shawn Price
Batting: LHB Edmund Dunham 0-0: Swinging Strike
0-1: Called Strike
0-2: Reached on error, E5 (Groundball, 56, EV 102.5 MPH)
Batting: RHB Lou Bradley 0-0: Ball
1-0: Foul Ball, location: 5SF
1-1: Foul Ball, location: 2F
1-2: Ball
2-2: Strikes out swinging
Batting: RHB Doug Dundee 0-0: Called Strike
0-1: Called Strike
0-2: Strikes out swinging
Batting: RHB Jeremy Veeck 0-0: Ball
1-0: Called Strike
Edmund Dunham steals 2nd base (no throw)
1-1: Ball
2-1: Ball
3-1: Base on Balls
Batting: RHB Joe Hunter 0-0: Ball
1-0: Ground out 4-3 (Groundball, 4, EV 80.6 MPH)
Bottom of the 1st over - 0 runs, 0 hits, 1 error, 2 left on base; ACL Milwaukee 0 - ACL Oakland 0
TOP OF THE 2ND
ACL Milwaukee Brewers batting - Pitching for ACL Oakland Athletics : LHP Dave Anderson
Batting: SHB Ken Patterson 0-0: Ball
1-0: DOUBLE (Line Drive, 89M, EV 88.8 MPH)
Batting: RHB Gus Barton 0-0: Called Strike
0-1: Foul Ball, location: 2F
0-2: Ball
1-2: Fly out, F8 (Flyball, 8RXD, EV 103.1 MPH)
Runner from 2nd tags up, SAFE at 3rd, no throw by CF
Batting: RHB Al Gross 0-0: Foul Ball, location: 2F
0-1: Called Strike
0-2: Ball
1-2: Ground out 2-3 (Groundball, 15S, EV 70.0 MPH)
Batting: RHB Jim Boucher 0-0: Swinging Strike
0-1: Swinging Strike
0-2: Strikes out swinging
Top of the 2nd over - 0 runs, 1 hit, 0 errors, 1 left on base; ACL Milwaukee 0 - ACL Oakland 0
BOTTOM OF THE 2ND
ACL Oakland Athletics batting - Pitching for ACL Milwaukee Brewers : RHP Shawn Price
Batting: RHB Juan Bautista 0-0: Ball
1-0: Foul Ball, location: 5FF
1-1: Foul Ball, location: 2F
1-2: Ball
2-2: Ball
3-2: Strikes out swinging, 2-3 out at first.
Batting: LHB Dave Anderson 0-0: Called Strike
0-1: Ball
1-1: Ball
2-1: Foul Ball, location: 3FF
2-2: Foul Ball, location: 7LMF
2-2: Ground out 4-3 (Groundball, 4, EV 81.3 MPH)
Batting: RHB Norm Goodman 0-0: Ball
1-0: Ball
2-0: Ball
3-0: Called Strike
3-1: Base on Balls
Batting: RHB Al Lane 0-0: Called Strike
0-1: Ball
1-1: Foul Ball, location: 25FF
1-2: Ball
2-2: Ball
3-2: Strikes out swinging
Bottom of the 2nd over - 0 runs, 0 hits, 0 errors, 1 left on base; ACL Milwaukee 0 - ACL Oakland 0
TOP OF THE 3RD
ACL Milwaukee Brewers batting - Pitching for ACL Oakland Athletics : LHP Dave Anderson
Batting: RHB Geronimo Borghini 0-0: Ball
1-0: Called Strike
1-1: Ball
2-1: Ball
3-1: Base on Balls
Batting: LHB Jayson Hovey 0-0: Bunted foul
0-1: Ball
1-1: Sac Bunt to 2R - play at first, batter OUT! 2-3
Geronimo Borghini to second
Batting: LHB Cipriano Villa 0-0: SINGLE (Groundball, 34D, EV 86.9 MPH)
Geronimo Borghini to third
Runner from 3rd tries for Home, SAFE, throw by RF to home
Batting: RHB Liam Brown 0-0: Ball
1-0: Called Strike
1-1: Swinging Strike
1-2: Ball
2-2: Ground out 4-3 (Groundball, 4M, EV 73.1 MPH)
Cipriano Villa to second
Batting: RHB Jesús Longoria 0-0: Ball
1-0: Ball
2-0: Called Strike
2-1: Called Strike
2-2: Fly out, F7 (Line Drive, 78D, EV 90.0 MPH)
Top of the 3rd over - 1 run, 1 hit, 0 errors, 1 left on base; ACL Milwaukee 1 - ACL Oakland 0
BOTTOM OF THE 3RD
ACL Oakland Athletics batting - Pitching for ACL Milwaukee Brewers : RHP Shawn Price
Batting: LHB Edmund Dunham 0-0: Foul Ball, location: 2LF
0-1: Bunted foul
0-2: Strikes out swinging
Batting: RHB Lou Bradley 0-0: Called Strike
0-1: Ball
1-1: Ball
2-1: Ground out 1-3 (Groundball, 13S, EV 61.9 MPH)
Batting: RHB Doug Dundee 0-0: Ball
1-0: Foul Ball, location: 5F
1-1: Ball
2-1: Foul Ball, location: 2F
2-2: Foul Ball, location: 7LSF
2-2: Ball
3-2: Strikes out swinging
Bottom of the 3rd over - 0 runs, 0 hits, 0 errors, 0 left on base; ACL Milwaukee 1 - ACL Oakland 0
TOP OF THE 4TH
ACL Milwaukee Brewers batting - Pitching for ACL Oakland Athletics : LHP Dave Anderson
Batting: SHB Ken Patterson 0-0: Swinging Strike
0-1: Called Strike
0-2: Ball
1-2: Ball
2-2: Foul Ball, location: 9LDF
2-2: Strikes out swinging
Batting: RHB Gus Barton 0-0: Swinging Strike
0-1: Called Strike
0-2: Strikes out swinging
Batting: RHB Al Gross 0-0: Called Strike
0-1: Ball
1-1: Ball
2-1: Ball
3-1: Base on Balls
Batting: RHB Jim Boucher 0-0: Ball
Al Gross is caught stealing 2nd base 2-4
Top of the 4th over - 0 runs, 0 hits, 0 errors, 0 left on base; ACL Milwaukee 1 - ACL Oakland 0
BOTTOM OF THE 4TH
ACL Oakland Athletics batting - Pitching for ACL Milwaukee Brewers : RHP Shawn Price
Batting: RHB Jeremy Veeck 0-0: Swinging Strike
0-1: Foul Ball, location: 23F
0-2: Ball
1-2: Fly out, F7 (Flyball, 7D, EV 103.1 MPH)
Batting: RHB Joe Hunter 0-0: Ball
1-0: SINGLE (Groundball, 4MD, EV 94.4 MPH)
Batting: RHB Juan Bautista 0-0: Called Strike
0-1: Ball
1-1: Foul Ball, location: 25F
1-2: DOUBLE (Flyball, 89XD, EV 107.5 MPH)
Joe Hunter to third
Batting: LHB Dave Anderson 0-0: Foul Ball, location: 2F
0-1: Ball
1-1: Ball
2-1: Swinging Strike
2-2: Fly out, F8 (Flyball, 8RD, EV 92.5 MPH)
Runner from 3rd tags up, OUT at HOME! 8-2
Bottom of the 4th over - 0 runs, 2 hits, 0 errors, 1 left on base; ACL Milwaukee 1 - ACL Oakland 0
TOP OF THE 5TH
ACL Milwaukee Brewers batting - Pitching for ACL Oakland Athletics : LHP Dave Anderson
Batting: RHB Jim Boucher 0-0: Ball
1-0: Foul Ball, location: 2F
1-1: Ball
2-1: Swinging Strike
2-2: Strikes out swinging
Batting: RHB Geronimo Borghini 0-0: Called Strike
0-1: Ground out 6-3 (Groundball, 6, EV 83.1 MPH)
Batting: LHB Jayson Hovey 0-0: Ball
1-0: Fly out, F7 (Line Drive, 78M, EV 99.4 MPH)
Top of the 5th over - 0 runs, 0 hits, 0 errors, 0 left on base; ACL Milwaukee 1 - ACL Oakland 0
BOTTOM OF THE 5TH
ACL Oakland Athletics batting - Pitching for ACL Milwaukee Brewers : RHP Shawn Price
Batting: RHB Norm Goodman 0-0: Foul Ball, location: 9LSF
0-1: Ball
1-1: Ball
2-1: Swinging Strike
2-2: Foul Ball, location: 2F
2-2: Foul Ball, location: 2F
2-2: Foul Ball, location: 5F
2-2: Ball
3-2: Strikes out looking
Batting: RHB Al Lane 0-0: Ball
1-0: Swinging Strike
1-1: Called Strike
1-2: Strikes out swinging
Batting: LHB Edmund Dunham 0-0: Swinging Strike
0-1: Swinging Strike
0-2: Fly out, F7 (Flyball, 7, EV 78.8 MPH)
Bottom of the 5th over - 0 runs, 0 hits, 0 errors, 0 left on base; ACL Milwaukee 1 - ACL Oakland 0
TOP OF THE 6TH
ACL Milwaukee Brewers batting - Pitching for ACL Oakland Athletics : LHP Dave Anderson
Batting: LHB Cipriano Villa 0-0: Ball
1-0: Ball
2-0: SOLO HOME RUN (Flyball, 9D, EV 99.4 MPH), Distance : 363 ft
Pitching: RHP Joaquín Machado
Batting: RHB Liam Brown 0-0: Called Strike
0-1: Ball
1-1: Ball
2-1: Called Strike
2-2: Foul Ball, location: 9LSF
2-2: Ball
3-2: Strikes out swinging
Batting: RHB Jesús Longoria 0-0: Called Strike
0-1: Ball
1-1: SOLO HOME RUN (Line Drive, 9LD, EV 95.0 MPH), Distance : 355 ft
Batting: SHB Ken Patterson 0-0: Ball
1-0: Called Strike
1-1: Called Strike
1-2: Foul Ball, location: 9LSF
1-2: Strikes out swinging
Batting: RHB Gus Barton 0-0: Foul Ball, location: 9LMFF
0-1: Called Strike
0-2: Ball
1-2: Strikes out swinging
Top of the 6th over - 2 runs, 2 hits, 0 errors, 0 left on base; ACL Milwaukee 3 - ACL Oakland 0
BOTTOM OF THE 6TH
ACL Oakland Athletics batting - Pitching for ACL Milwaukee Brewers : RHP Shawn Price
Pitching: RHP Juan Jose Pinto
Batting: RHB Lou Bradley 0-0: Called Strike
0-1: Ball
1-1: SINGLE (Groundball, P, EV 82.5 MPH) (infield hit)
Batting: RHB Doug Dundee 0-0: Ball
1-0: Ball
2-0: Bunted foul
2-1: Bunted foul
2-2: SINGLE (Groundball, 34D, EV 96.9 MPH)
Lou Bradley to second
Runner from 2nd tries for 3rd, SAFE, no throw by RF
Batting: RHB Jeremy Veeck 0-0: Called Strike
0-1: Fly out, F5 (Popup, 25F, EV 95.0 MPH)
Batting: RHB Joe Hunter 0-0: Ball
Doug Dundee steals 2nd base
1-0: DOUBLE (Flyball, 78XD, EV 99.4 MPH)
Lou Bradley scores
Doug Dundee scores
Batting: RHB Juan Bautista 0-0: Ball
1-0: Foul Ball, location: 2F
1-1: Foul Ball, location: 2LF
1-2: Fly out, F6 (Popup, P, EV 85.0 MPH)
Batting: SHB Cristián Meza 0-0: Called Strike
0-1: Ball
1-1: Ball
2-1: Ball
3-1: Ground out 6-3 (Groundball, 6, EV 83.8 MPH)
Bottom of the 6th over - 2 runs, 3 hits, 0 errors, 1 left on base; ACL Milwaukee 3 - ACL Oakland 2
TOP OF THE 7TH
ACL Milwaukee Brewers batting - Pitching for ACL Oakland Athletics : RHP Joaquín Machado
Batting: RHB Al Gross 0-0: Swinging Strike
0-1: SINGLE (Line Drive, 9S, EV 93.1 MPH)
Batting: RHB Jim Boucher 0-0: Called Strike
0-1: Foul Ball, location: 5FF
0-2: Foul Ball, location: 9LMF
0-2: Foul Ball, location: 7LSF
0-2: Strikes out swinging
Batting: RHB Geronimo Borghini 0-0: Foul Ball, location: 2F
0-1: Ball
1-1: Swinging Strike
1-2: Ball
2-2: Ball
3-2: Strikes out looking
Batting: LHB Jayson Hovey 0-0: Ball
1-0: Foul Ball, location: 2F
1-1: Ball
2-1: Ball
3-1: Base on Balls
Al Gross to second
Pitching: RHP Marco Settignano
Batting: LHB Cipriano Villa 0-0: DOUBLE (Flyball, 9LD, EV 105.6 MPH)
Al Gross scores
Jayson Hovey to third
Batting: RHB Liam Brown 0-0: Called Strike
0-1: Ball
1-1: Ball
2-1: Foul Ball, location: 9LSF
2-2: Foul Ball, location: 9LDF
2-2: Strikes out swinging
Top of the 7th over - 1 run, 2 hits, 0 errors, 2 left on base; ACL Milwaukee 4 - ACL Oakland 2
BOTTOM OF THE 7TH
ACL Oakland Athletics batting - Pitching for ACL Milwaukee Brewers : RHP Juan Jose Pinto
Batting: RHB Norm Goodman 0-0: Foul Ball, location: 2F
0-1: Ball
1-1: Fly out, F9 (Line Drive, 9D, EV 91.9 MPH)
Batting: RHB Al Lane 0-0: DOUBLE (Line Drive, 7LM, EV 110.6 MPH)
Batting: LHB Edmund Dunham 0-0: Ball
1-0: Called Strike
1-1: Ball
2-1: Swinging Strike
2-2: Foul Ball, location: 3SF
2-2: Ball
3-2: Base on Balls
Batting: RHB Lou Bradley 0-0: Ball
1-0: Swinging Strike
1-1: Called Strike
1-2: Strikes out swinging
Batting: RHB Doug Dundee 0-0: Ball
1-0: Ball
2-0: Foul Ball, location: 23F
2-1: Ball
3-1: Base on Balls
Al Lane to third
Edmund Dunham to second
Batting: RHB Jeremy Veeck 0-0: Ball
1-0: Ball
2-0: Called Strike
2-1: Ball
3-1: Base on Balls
Al Lane scores
Edmund Dunham to third
Doug Dundee to second
Batting: RHB Joe Hunter 0-0: Ball
1-0: Ball
2-0: Ball
3-0: Called Strike
3-1: Base on Balls
Edmund Dunham scores
Doug Dundee to third
Jeremy Veeck to second
Pitching: LHP José Pérez
Batting: RHB Juan Bautista 0-0: Foul Ball, location: 2F
0-1: Foul Ball, location: 7LMFF
0-2: Ball
1-2: Ball
2-2: Strikes out swinging
Bottom of the 7th over - 2 runs, 1 hit, 0 errors, 3 left on base; ACL Milwaukee 4 - ACL Oakland 4
TOP OF THE 8TH
ACL Milwaukee Brewers batting - Pitching for ACL Oakland Athletics : RHP Marco Settignano
Batting: RHB Jesús Longoria 0-0: Ball
1-0: Called Strike
1-1: Ball
2-1: Called Strike
2-2: Foul Ball, location: 3FF
2-2: Ball
3-2: Strikes out swinging
Batting: SHB Ken Patterson 0-0: Ball
1-0: SINGLE (Line Drive, 8LS, EV 88.1 MPH)
Batting: RHB Gus Barton 0-0: Foul Ball, location: 2LF
0-1: Swinging Strike
0-2: Ball
1-2: Ball
2-2: Strikes out swinging
Batting: RHB Al Gross 0-0: Ball
1-0: Swinging Strike
1-1: Ball
2-1: Swinging Strike
2-2: Ball
3-2: Foul Ball, location: 7LMFF
3-2: Foul Ball, location: 2F
3-2: Foul Ball, location: 2F
3-2: Foul Ball, location: 2F
3-2: Fly out, F8 (Flyball, 8RXD, EV 92.5 MPH)
Top of the 8th over - 0 runs, 1 hit, 0 errors, 1 left on base; ACL Milwaukee 4 - ACL Oakland 4
BOTTOM OF THE 8TH
ACL Oakland Athletics batting - Pitching for ACL Milwaukee Brewers : LHP José Pérez
Batting: SHB Cristián Meza 0-0: Called Strike
0-1: Ball
1-1: Foul Ball, location: 2F
1-2: Ball
2-2: Foul Ball, location: 9LDF
2-2: Strikes out swinging
Batting: RHB Norm Goodman 0-0: Ball
1-0: Ball
2-0: Ball
3-0: Called Strike
3-1: Called Strike
3-2: Strikes out looking
Batting: RHB Al Lane 0-0: Swinging Strike
0-1: Foul Ball, location: 2F
0-2: Foul Ball, location: 2F
0-2: Ball
1-2: Ball
2-2: Ball
3-2: Foul Ball, location: 2F
3-2: Strikes out looking
Bottom of the 8th over - 0 runs, 0 hits, 0 errors, 0 left on base; ACL Milwaukee 4 - ACL Oakland 4
TOP OF THE 9TH
ACL Milwaukee Brewers batting - Pitching for ACL Oakland Athletics : RHP Marco Settignano
Pitching: LHP Phil Villarreal
Batting: RHB Jim Boucher 0-0: Ball
1-0: Foul Ball, location: 9LMF
1-1: Swinging Strike
1-2: Ball
2-2: Ground out 5-3 (Groundball, 56, EV 89.4 MPH)
Pinch Hitting: RHB Tim Hairston 0-0: Ball
1-0: Foul Ball, location: 2F
1-1: Called Strike
1-2: Strikes out swinging
Pinch Hitting: RHB Edwin Smith 0-0: Ball
1-0: Ball
2-0: Ball
3-0: Called Strike
3-1: Called Strike
3-2: Foul Ball, location: 2F
3-2: Foul Ball, location: 3F
3-2: Base on Balls
Batting: LHB Cipriano Villa 0-0: Called Strike
0-1: Ball
1-1: Swinging Strike
1-2: Ball
2-2: Strikes out looking
Top of the 9th over - 0 runs, 0 hits, 0 errors, 1 left on base; ACL Milwaukee 4 - ACL Oakland 4
BOTTOM OF THE 9TH
ACL Oakland Athletics batting - Pitching for ACL Milwaukee Brewers : LHP José Pérez
Pitching: RHP Mike Foster
Now at C: Augusto Gonzáles
Now in LF: Ed Freitas
Batting: LHB Edmund Dunham 0-0: Ball
1-0: Ball
2-0: Ball
3-0: Called Strike
3-1: Called Strike
3-2: Strikes out looking
Batting: RHB Lou Bradley 0-0: Swinging Strike
0-1: Swinging Strike
0-2: Ball
1-2: Strikes out swinging
Batting: RHB Doug Dundee 0-0: Ball
1-0: Ball
2-0: Ball
3-0: Base on Balls
Batting: RHB Jeremy Veeck 0-0: Ball
1-0: Ball
2-0: Called Strike
2-1: Called Strike
2-2: Ball
3-2: Foul Ball, location: 3SF
3-2: Foul Ball, location: 23F
3-2: Foul Ball, location: 3FF
3-2: Foul Ball, location: 9LMF
3-2: Strikes out swinging
Bottom of the 9th over - 0 runs, 0 hits, 0 errors, 1 left on base; ACL Milwaukee 4 - ACL Oakland 4
TOP OF THE 10TH
ACL Milwaukee Brewers batting - Pitching for ACL Oakland Athletics : LHP Phil Villarreal
Batting: RHB Liam Brown 0-0: Ball
1-0: Ball
2-0: Foul Ball, location: 23F
2-1: Ball
3-1: Foul Ball, location: 3FF
3-2: Foul Ball, location: 7LDF
3-2: Foul Ball, location: 2F
3-2: Base on Balls
Batting: RHB Jesús Longoria 0-0: Called Strike
0-1: Foul Ball, location: 3SF
0-2: Ball
1-2: Foul Ball, location: 9LDF
1-2: Strikes out swinging
Pinch Hitting: RHB Jon Thomas 0-0: Called Strike
Liam Brown steals 2nd, throwing error, E2
Liam Brown to third
0-1: Ball
1-1: Swinging Strike
1-2: Ball
2-2: Fly out, F8 (Flyball, 8RD, EV 105.6 MPH)
Batting: RHB Gus Barton 0-0: Ball
1-0: Ball
2-0: Called Strike
2-1: Ball
3-1: Base on Balls
Batting: RHB Al Gross 0-0: Ball
1-0: Ball
2-0: Ball
3-0: Base on Balls
Gus Barton to second
Batting: RHB Jim Boucher 0-0: Ball
1-0: Ball
2-0: Called Strike
2-1: Ball
3-1: Foul Ball, location: 2F
3-2: Strikes out swinging
Top of the 10th over - 0 runs, 0 hits, 1 error, 3 left on base; ACL Milwaukee 4 - ACL Oakland 4
BOTTOM OF THE 10TH
ACL Oakland Athletics batting - Pitching for ACL Milwaukee Brewers : RHP Mike Foster
Now at 3B: Jon Thomas
Batting: RHB Joe Hunter 0-0: Called Strike
0-1: Foul Ball, location: 2F
0-2: Ball
1-2: Foul Ball, location: 5F
1-2: Ball
2-2: Foul Ball, location: 9LDF
2-2: Strikes out looking
Batting: RHB Juan Bautista 0-0: Called Strike
0-1: Foul Ball, location: 7LMF
0-2: Foul Ball, location: 2LF
0-2: Strikes out swinging
Batting: RHB Jorge Colomo 0-0: Called Strike
0-1: Called Strike
0-2: Ball
1-2: Strikes out looking
Bottom of the 10th over - 0 runs, 0 hits, 0 errors, 0 left on base; ACL Milwaukee 4 - ACL Oakland 4
TOP OF THE 11TH
ACL Milwaukee Brewers batting - Pitching for ACL Oakland Athletics : LHP Phil Villarreal
Pitching: LHP Alfredo Cardenas
Pinch Hitting: SHB Bob Clark 0-0: Swinging Strike
0-1: Ball
1-1: Called Strike
1-2: Foul Ball, location: 7LDF
1-2: Ball
2-2: Foul Ball, location: 2F
2-2: Ball
3-2: Ground out 5-3 (Groundball, 5, EV 99.4 MPH)
Batting: RHB Augusto Gonzáles 0-0: Ball
1-0: Ball
2-0: Ball
3-0: Called Strike
3-1: Swinging Strike
3-2: Foul Ball, location: 9LDF
3-2: Base on Balls
Batting: LHB Cipriano Villa 0-0: Bunted foul
0-1: Ball
1-1: Bunt missed!
1-2: Ball
2-2: Fly out, F8 (Flyball, 8RXD, EV 110.6 MPH)
Batting: RHB Liam Brown 0-0: Ball
1-0: Fly out, F9 (Flyball, 9D, EV 106.3 MPH)
Top of the 11th over - 0 runs, 0 hits, 0 errors, 1 left on base; ACL Milwaukee 4 - ACL Oakland 4
BOTTOM OF THE 11TH
ACL Oakland Athletics batting - Pitching for ACL Milwaukee Brewers : RHP Mike Foster
Now in LF: Bob Clark
Batting: RHB Norm Goodman 0-0: Ball
1-0: Ball
2-0: Called Strike
2-1: Called Strike
2-2: Strikes out swinging
Batting: RHB Al Lane 0-0: Swinging Strike
0-1: Ball
1-1: Foul Ball, location: 9LSF
1-2: Strikes out swinging
Batting: LHB Edmund Dunham 0-0: Ball
1-0: Ball
2-0: Called Strike
2-1: Ball
3-1: Base on Balls
Batting: RHB Lou Bradley 0-0: Called Strike
0-1: Ball
1-1: Swinging Strike
1-2: Strikes out looking
Bottom of the 11th over - 0 runs, 0 hits, 0 errors, 1 left on base; ACL Milwaukee 4 - ACL Oakland 4
TOP OF THE 12TH
ACL Milwaukee Brewers batting - Pitching for ACL Oakland Athletics : LHP Alfredo Cardenas
Batting: RHB Jesús Longoria 0-0: Called Strike
0-1: Foul Ball, location: 7LSF
0-2: Strikes out swinging
Batting: RHB Jon Thomas 0-0: Ball
1-0: Ball
2-0: Ball
3-0: Base on Balls
Batting: RHB Gus Barton 0-0: Called Strike
0-1: Ball
1-1: Ball
2-1: Bunted foul
2-2: Foul Ball, location: 2F
2-2: Ball
3-2: TRIPLE (Line Drive, 9D, EV 109.4 MPH)
Jon Thomas scores
Batting: RHB Al Gross 0-0: Called Strike
0-1: Ball
1-1: Foul Ball, location: 5SF
1-2: Strikes out swinging
Batting: RHB Jim Boucher 0-0: Ball
1-0: Called Strike
1-1: Ball
2-1: Ball
3-1: Base on Balls
Batting: SHB Bob Clark 0-0: Called Strike
0-1: Ball
1-1: Ball
2-1: Ball
3-1: Base on Balls
Jim Boucher to second
Batting: RHB Augusto Gonzáles 0-0: Ball
1-0: Ball
2-0: Ball
3-0: Base on Balls
Gus Barton scores
Jim Boucher to third
Bob Clark to second
Batting: LHB Cipriano Villa 0-0: Called Strike
0-1: Ball
1-1: Foul Ball, location: 7LSF
1-2: Foul Ball, location: 5F
1-2: Ball
2-2: Ball
3-2: DOUBLE (Line Drive, 3D, EV 109.4 MPH)
Jim Boucher scores
Bob Clark scores
Augusto Gonzáles to third
Augusto Gonzáles scores
Pitching: LHP Jim Unknown
Batting: RHB Liam Brown 0-0: Called Strike
0-1: Swinging Strike
0-2: Ball
1-2: Foul Ball, location: 2F
1-2: Strikes out looking
Top of the 12th over - 5 runs, 2 hits, 0 errors, 1 left on base; ACL Milwaukee 9 - ACL Oakland 4
BOTTOM OF THE 12TH
ACL Oakland Athletics batting - Pitching for ACL Milwaukee Brewers : RHP Mike Foster
Pitching: RHP Ed Jennings
Batting: RHB Doug Dundee 0-0: Called Strike
0-1: Foul Ball, location: 2F
0-2: Strikes out looking
Batting: RHB Jeremy Veeck 0-0: Ground out 4-3 (Groundball, 4M, EV 105.6 MPH)
Batting: RHB Joe Hunter 0-0: Called Strike
0-1: Swinging Strike
0-2: Ball
1-2: Ball
2-2: Ball
3-2: Strikes out swinging
Bottom of the 12th over - 0 runs, 0 hits, 0 errors, 0 left on base; ACL Milwaukee 9 - ACL Oakland 4
Friday, May 3rd , 2024 - OOTP Baseball 24.10 Build 82